[Event "Titled Tuesday Blitz July 25 Late 2023"]
[White "Ordekalog"]
[Black "Sabuk, Piotr"]
[BlackFideId "1137565"]
[WhiteElo "2520"]
[BlackElo "2681"]
[Result "1/2-1/2"]
[Round "7"]
[TimeControl "180+2"]
[Date "2023.07.25"]
[WhiteClock "0:00:06"]
[BlackClock "0:00:05"]
[Board "49"]

1. e4 e5 2. Nf3 Nc6 3. Bb5 a6 4. Bxc6 dxc6 5. O-O f6 6. d4 exd4 7. Nxd4 c5 8. Nb3 Qxd1 9. Rxd1 Bg4 10. f3 Bd7 11. Bf4 O-O-O 12. Nc3 c4 13. Nd4 Ne7 14. Kf2 Ng6 15. Be3 Ne5 16. h3 Bd6 17. Nf5 Bxf5 18. exf5 b5 19. Ne4 Be7 20. Bc5 Rhe8 21. a4 Rxd1 22. Rxd1 Bd8 23. axb5 axb5 24. Be3 Be7 25. Bc5 Bd8 26. Bb4 Nf7 27. g4 c6 28. Bc5 Bc7 29. Ra1 Kb7 30. Ra7+ Kb8 31. Ra6 Kb7 32. Ra7+ Kb8 33. Ra1 Rd8 34. Ke2 Ne5 35. Be3 Re8 36. Kf2 Nd7 37. Rd1 Nb6 38. Bxb6 Bxb6+ 39. Ke2 Kc7 40. Ra1 g6 41. fxg6 hxg6 42. Kf1 f5 43. gxf5 gxf5 44. Ng3 f4 45. Ne4 Rg8 46. Re1 Be3 47. Ke2 Rg2+ 48. Kd1 Rh2 49. b3 cxb3 50. cxb3 Rxh3 51. Ke2 Rh2+ 52. Kd3 Kb6 53. Rd1 Rh3 54. Ke2 Rh2+ 55. Kd3 c5 56. Nf6 Rh6 57. Nd5+ Kc6 58. Nxe3 fxe3 59. Kxe3 c4 60. bxc4 bxc4 61. f4 Kc5 62. f5 c3 63. Kf4 Kc4 64. Kg5 Rh2 65. Rd8 c2 66. Rc8+ Kd3 67. f6 Rg2+ 68. Kf5 Rf2+ 69. Ke6 Rf1 70. f7 Kd2 71. Ke7 c1=Q 72. Rxc1 Kxc1 73. f8=Q Rxf8 74. Kxf8 1/2-1/2


[Site "https://www.chess.com"]

[Event "Titled Tuesday Blitz July 25 Late 2023"]
[White "Gubajdullin, Alexei"]
[Black "Vega Gutierrez, Sabrina"]
[WhiteFideId "4141202"]
[BlackFideId "2219026"]
[WhiteElo "2680"]
[BlackElo "2440"]
[Result "1-0"]
[Round "7"]
[TimeControl "180+2"]
[Date "2023.07.25"]
[WhiteClock "0:01:44"]
[BlackClock "0:00:00"]
[Board "50"]

1. d4 d5 2. Nf3 e6 3. Bf4 Bd6 4. Bg3 Nf6 5. Nbd2 O-O 6. e3 c5 7. c3 b6 8. Bd3 Ba6 9. Bxa6 Nxa6 10. a4 Nb8 11. a5 Bxg3 12. hxg3 Nc6 13. axb6 axb6 14. O-O c4 15. b3 b5 16. bxc4 bxc4 17. Qc2 Qc7 18. e4 h6 19. e5 Nd7 20. g4 Ra5 21. g5 Rfa8 22. Rxa5 Qxa5 23. gxh6 gxh6 24. Qc1 Qa3 25. Qc2 Qa2 26. Qd1 Qb2 27. Nb1 Ra1 28. Nfd2 Kf8 29. Qh5 Ke8 30. Qxh6 Nf8 31. f4 Na5 32. f5 Nb3 33. fxe6 Nxe6 34. Qh7 Nd8 35. e6 1-0


[Site "https://www.chess.com"]

[Event "Titled Tuesday Blitz July 25 Late 2023"]
[White "Velikanov, Alexander"]
[Black "Slovineanu, Viacheslav"]
[WhiteFideId "2039290"]
[BlackFideId "13900510"]
[WhiteElo "2671"]
[BlackElo "2406"]
[Result "0-1"]
[Round "7"]
[TimeControl "180+2"]
[Date "2023.07.25"]
[WhiteClock "0:00:00"]
[BlackClock "0:00:08"]
[Board "51"]

1. e4 c6 2. d4 d5 3. e5 Bf5 4. h4 h5 5. Bd3 Bxd3 6. Qxd3 Qa5+ 7. Nc3 e6 8. Nf3 Ne7 9. O-O Nf5 10. Re1 Nd7 11. Ne2 Nxh4 12. c3 Nf5 13. Nf4 Be7 14. Nh3 c5 15. dxc5 Nxc5 16. Qd1 Ne4 17. c4 Rd8 18. Qe2 Qa6 19. cxd5 Qxe2 20. Rxe2 exd5 21. Nf4 Ng5 22. Nxg5 Bxg5 23. e6 Bxf4 24. Bxf4 fxe6 25. Rxe6+ Kf7 26. Re5 g6 27. Rd1 d4 28. Rb5 Rd7 29. a4 Rc8 30. Rd2 a6 31. Rb4 Rc6 32. g3 Kf6 33. Kg2 g5 34. Bb8 Rc8 35. Ba7 Rcd8 36. Bb6 Rc8 37. Bxd4+ Nxd4 38. Rbxd4 Rxd4 39. Rxd4 g4 40. Rd6+ Kf5 41. Rd7 Rb8 42. Rc7 b5 43. a5 Ra8 44. Rc5+ Kg6 45. Kf1 Kh6 46. Rc6+ Kg5 0-1


[Site "https://www.chess.com"]

[Event "Titled Tuesday Blitz July 25 Late 2023"]
[White "Caruana, Fabiano"]
[Black "EsmeraldasAnderson03"]
[WhiteFideId "2020009"]
[WhiteElo "3103"]
[BlackElo "2434"]
[Result "1-0"]
[Round "7"]
[TimeControl "180+2"]
[Date "2023.07.25"]
[WhiteClock "0:01:53"]
[BlackClock "0:00:48"]
[Board "52"]

1. f4 d5 2. b3 Nf6 3. Bb2 Bf5 4. h3 h6 5. e3 Bh7 6. Nc3 e6 7. Nf3 Be7 8. Qe2 a6 9. O-O-O b5 10. g4 b4 11. Na4 O-O 12. Rg1 Ne4 13. d3 Nc5 14. Nxc5 Bxc5 15. g5 hxg5 16. Nxg5 d4 17. Nxh7 Kxh7 18. Qh5+ Kg8 19. Bg2 Nd7 20. Be4 f5 21. exd4 Bd6 22. Rxg7+ Kxg7 23. Rg1+ Kf6 24. d5+ Ke7 25. Rg7+ 1-0


[Site "https://www.chess.com"]

[Event "Titled Tuesday Blitz July 25 Late 2023"]
[White "Grigoriants, Sergey"]
[Black "Gireman, Ja"]
[WhiteFideId "4130804"]
[BlackFideId "5043794"]
[WhiteElo "2862"]
[BlackElo "2569"]
[Result "1-0"]
[Round "7"]
[TimeControl "180+2"]
[Date "2023.07.25"]
[WhiteClock "0:01:38"]
[BlackClock "0:01:46"]
[Board "53"]

1. d4 Nf6 2. c4 g6 3. f3 d5 4. cxd5 Nxd5 5. e4 Nb6 6. Be3 Bg7 7. Nc3 O-O 8. Qd2 f5 9. O-O-O fxe4 10. fxe4 Be6 11. Nf3 Bc4 12. Bh6 Bxf1 13. Bxg7 Kxg7 14. Rhxf1 e6 15. Ng5 Qe7 16. Rxf8 Kxf8 17. Rf1+ Kg8 18. Rf7 Qb4 19. Qf2 N8d7 20. Rxd7 1-0


[Site "https://www.chess.com"]

[Event "Titled Tuesday Blitz July 25 Late 2023"]
[White "Miladinovic, Igor"]
[Black "Vlassov, Nikolai"]
[WhiteFideId "4203380"]
[BlackFideId "4103360"]
[WhiteElo "2811"]
[BlackElo "2568"]
[Result "1-0"]
[Round "7"]
[TimeControl "180+2"]
[Date "2023.07.25"]
[WhiteClock "0:00:11"]
[BlackClock "0:00:05"]
[Board "54"]

1. d4 Nf6 2. Nc3 d5 3. Bf4 e6 4. e3 Bb4 5. a3 Bxc3+ 6. bxc3 O-O 7. c4 c5 8. Nf3 Nc6 9. cxd5 Nxd5 10. Bg3 cxd4 11. exd4 Qa5+ 12. Qd2 Qxd2+ 13. Kxd2 Rd8 14. Bd3 b6 15. h3 Bb7 16. c4 Nde7 17. Ke3 Rd7 18. Rhd1 Rad8 19. Rac1 g6 20. Bh4 Kg7 21. Be4 f6 22. Bg3 g5 23. Bh2 h5 24. g4 hxg4 25. hxg4 Na5 26. Bxb7 Rxb7 27. Ke2 Rc8 28. d5 exd5 29. cxd5 Rxc1 30. Rxc1 Nxd5 31. Nd4 Kg6 32. Bd6 Rd7 33. Nf5 b5 34. Rc5 Nf4+ 35. Bxf4 gxf4 36. Rxb5 Nc4 37. Kf3 Nxa3 38. Rb8 Nc4 39. Kxf4 Ne5 40. Ra8 Kf7 41. Ke4 Rc7 42. Nh6+ Kg6 43. Nf5 Nxg4 44. Rg8+ Kh5 45. Ng3+ Kh4 46. Kf4 Rc4+ 47. Ne4 Nxf2 48. Rh8# 1-0


[Site "https://www.chess.com"]

[Event "Titled Tuesday Blitz July 25 Late 2023"]
[White "Ambartsumova, Karina"]
[Black "Stoyanov, Tsvetan"]
[WhiteFideId "4166299"]
[BlackFideId "2917173"]
[WhiteElo "2559"]
[BlackElo "2766"]
[Result "0-1"]
[Round "7"]
[TimeControl "180+2"]
[Date "2023.07.25"]
[WhiteClock "0:00:04"]
[BlackClock "0:00:13"]
[Board "55"]

1. Nf3 d5 2. c4 e6 3. g3 Nf6 4. Bg2 Be7 5. O-O O-O 6. b3 b6 7. e3 Bb7 8. Nc3 Nbd7 9. Bb2 c5 10. cxd5 Nxd5 11. d4 Nxc3 12. Bxc3 Bf6 13. Rc1 Rc8 14. Qe2 Qe7 15. dxc5 Nxc5 16. Bxf6 Qxf6 17. Rfd1 h6 18. Ne1 Ba6 19. Qg4 Rfd8 20. Rc2 Nd3 21. Rcd2 Nxe1 22. Rxd8+ Rxd8 23. Rxe1 Rd2 24. Qf3 Qxf3 25. Bxf3 Rxa2 26. Kg2 g6 27. Rc1 Bd3 28. Rc3 Bb5 29. Rc7 Ra1 30. h4 Bf1+ 31. Kh2 Bd3 32. g4 a5 33. g5 hxg5 34. hxg5 Rb1 35. Rc3 Bb5 36. Kg3 Kg7 37. Be4 Rb2 38. f3 Be2 39. Kf4 Bd1 40. Rc7 Bxb3 41. Bc6 a4 42. Be8 e5+ 43. Kxe5 a3 44. Ra7 a2 45. f4 Rb1 46. f5 gxf5 47. g6 a1=Q+ 48. Rxa1 Rxa1 0-1


[Site "https://www.chess.com"]

[Event "Titled Tuesday Blitz July 25 Late 2023"]
[White "Benedetti, Julio"]
[Black "Wu, Derek"]
[WhiteFideId "172545"]
[BlackFideId "30914558"]
[WhiteElo "2518"]
[BlackElo "2755"]
[Result "0-1"]
[Round "7"]
[TimeControl "180+2"]
[Date "2023.07.25"]
[WhiteClock "0:00:00"]
[BlackClock "0:00:33"]
[Board "56"]

1. e4 e5 2. Nf3 Nc6 3. Bc4 Bc5 4. d3 Nf6 5. c3 d6 6. Bb3 a5 7. a4 Ba7 8. Nbd2 O-O 9. Qe2 Be6 10. Bc2 Re8 11. h3 Ne7 12. Nf1 Ng6 13. g4 d5 14. Ng3 Nf4 15. Bxf4 exf4 16. Nf5 dxe4 17. dxe4 Qc8 18. Kf1 Bd5 19. e5 Qe6 20. Kg1 Nd7 21. Re1 Bxf3 22. Qxf3 Nxe5 23. Qxf4 Nf3+ 24. Qxf3 Qxe1+ 25. Kg2 Qe2 26. Bd3 Qxf3+ 27. Kxf3 Rad8 28. Rd1 g6 29. Ng3 Kg7 30. h4 h6 31. Ne2 Re7 32. Nf4 Red7 33. g5 c6 34. Ke2 Bb8 35. Ng2 Re7+ 36. Ne3 hxg5 37. hxg5 Bf4 38. Rg1 Rde8 39. Rg4 Bxe3 40. fxe3 Rxe3+ 41. Kd2 Rf3 42. b4 Rf2+ 43. Kd1 Rd8 44. Kc1 Rxd3 0-1


[Site "https://www.chess.com"]

[Event "Titled Tuesday Blitz July 25 Late 2023"]
[White "Manukyan, Sargis A."]
[Black "ElDivis"]
[WhiteFideId "13303970"]
[WhiteElo "2652"]
[BlackElo "2541"]
[Result "1-0"]
[Round "7"]
[TimeControl "180+2"]
[Date "2023.07.25"]
[WhiteClock "0:02:09"]
[BlackClock "0:00:00"]
[Board "57"]

1. d4 Nf6 2. Nf3 g6 3. h4 Bg7 4. h5 Nxh5 5. e4 c5 6. c3 cxd4 7. cxd4 d5 8. e5 Nc6 9. Be2 Bg4 10. Nc3 Qd7 11. Ng5 Bxe2 12. Nxe2 Qg4 13. Kf1 f6 14. f3 Qc8 15. Nh3 fxe5 16. dxe5 O-O 17. Qxd5+ e6 18. Qb3 Nxe5 19. Ng5 Qc4 20. Qxc4 Nxc4 21. Nxe6 Rfe8 22. Nc7 Rxe2 23. Rxh5 Rc8 24. Rc5 Re7 25. Rxc4 Rexc7 26. Rxc7 Rxc7 27. Bf4 Rc2 28. Rd1 Rxb2 29. Rd8+ Kf7 30. Rd7+ Kg8 31. Rxg7+ Kxg7 32. Be5+ Kf7 33. Bxb2 Ke6 34. Ke2 Kd5 35. Kd3 b5 36. Bc3 1-0


[Site "https://www.chess.com"]

[Event "Titled Tuesday Blitz July 25 Late 2023"]
[White "Bernabeu Lopez, Carlos Javier"]
[Black "Machidon, Cristi"]
[WhiteFideId "2235366"]
[BlackFideId "13904590"]
[WhiteElo "2650"]
[BlackElo "2513"]
[Result "1-0"]
[Round "7"]
[TimeControl "180+2"]
[Date "2023.07.25"]
[WhiteClock "0:02:02"]
[BlackClock "0:00:00"]
[Board "58"]

1. e4 Nc6 2. Nf3 e5 3. Bb5 a6 4. Ba4 Nf6 5. O-O Be7 6. d3 b5 7. Bb3 O-O 8. a4 Rb8 9. axb5 axb5 10. Nc3 d6 11. h3 Be6 12. Bxe6 fxe6 13. Ne2 Qe8 14. Ng3 h6 15. Be3 Qg6 16. Nh4 Qf7 17. Ra6 Nb4 18. Ra7 c5 19. Qe2 Nc6 20. Rc7 Rfc8 21. Rxc8+ Rxc8 22. Nf3 Ra8 23. Rb1 Nh5 24. Nxh5 Qxh5 25. Qd1 Qe8 26. Ra1 Qc8 27. c3 Ra6 28. Rxa6 Qxa6 29. Qb3 Kf7 30. g3 Bd8 31. Kg2 c4 32. Qc2 Bb6 33. Qe2 Bxe3 34. Qxe3 Ke7 35. Nh4 b4 36. dxc4 Qxc4 37. Qf3 bxc3 38. bxc3 Ke8 39. Ng6 d5 40. Qf8+ Kd7 41. Qf7+ Kd8 42. Qg8+ Kc7 43. Qxg7+ Kb6 44. Nxe5 Qxe4+ 45. Nf3 e5 46. Qxh6 d4 47. cxd4 exd4 48. Qd6 d3 49. h4 Kb5 50. h5 Kc4 51. h6 1-0


[Site "https://www.chess.com"]

[Event "Titled Tuesday Blitz July 25 Late 2023"]
[White "O`Gorman, Tom"]
[Black "Ponizil, Cyril"]
[WhiteFideId "2508249"]
[BlackFideId "322202"]
[WhiteElo "2509"]
[BlackElo "2621"]
[Result "1/2-1/2"]
[Round "7"]
[TimeControl "180+2"]
[Date "2023.07.25"]
[WhiteClock "0:00:14"]
[BlackClock "0:00:30"]
[Board "59"]

1. e4 c5 2. Nf3 e6 3. Bd3 Nc6 4. c3 d5 5. O-O Nf6 6. e5 Nd7 7. Re1 Qc7 8. Qe2 c4 9. Bc2 Bc5 10. d4 cxd3 11. Bxd3 h6 12. a4 a6 13. b4 Bb6 14. Bf4 a5 15. b5 Ne7 16. Nbd2 Nc5 17. c4 Nxd3 18. Qxd3 Ng6 19. Bg3 O-O 20. Rac1 Qd8 21. cxd5 exd5 22. Nb3 Ne7 23. Red1 Bf5 24. Qd2 Qd7 25. Nbd4 Be4 26. Qf4 Ng6 27. Qe3 Rfe8 28. Nd2 Nxe5 29. Nxe4 dxe4 30. Qxe4 Ng4 31. Qf5 Qxf5 32. Nxf5 Re2 33. Nd4 Ra2 34. h3 Rxa4 35. Nf5 Nf6 36. Bc7 Bxc7 37. Rxc7 b6 38. Rd6 Ne8 39. Rcd7 Nxd6 40. Rxd6 Rf4 41. g4 Rxf5 42. gxf5 Rb8 43. Rd7 Kf8 44. Ra7 Rd8 45. Rb7 Rd6 46. Kg2 Rf6 47. Kg3 a4 48. Kg4 h5+ 49. Kg5 Rd6 50. Ra7 Rd4 51. Kxh5 Rf4 52. Kg5 Rxf2 53. Rxa4 f6+ 54. Kg6 Rg2+ 55. Kh7 Rg5 56. Ra8+ Ke7 57. Ra7+ Kd6 58. Rxg7 Rxf5 59. Kg6 Rf3 60. Rf7 Rxh3 61. Rxf6+ Kc5 62. Rf5+ Kc4 63. Kf6 Rb3 64. Ke6 Rxb5 65. Rf1 Rc5 66. Rc1+ Kd3 67. Rb1 b5 68. Kd6 Rf5 69. Kc6 Kc4 70. Rc1+ Kb4 71. Rb1+ Kc4 72. Rc1+ Kd3 73. Rb1 Kc4 1/2-1/2


[Site "https://www.chess.com"]

[Event "Titled Tuesday Blitz July 25 Late 2023"]
[White "Zavgorodniy, Sergiy"]
[Black "Roberson, Peter T"]
[WhiteFideId "14110148"]
[BlackFideId "412384"]
[WhiteElo "2599"]
[BlackElo "2497"]
[Result "1-0"]
[Round "7"]
[TimeControl "180+2"]
[Date "2023.07.25"]
[WhiteClock "0:00:23"]
[BlackClock "0:00:00"]
[Board "60"]

1. d4 Nf6 2. c4 c5 3. Nf3 cxd4 4. Nxd4 e5 5. Nb5 d5 6. cxd5 Bc5 7. N5c3 O-O 8. g3 Bf5 9. Bg2 e4 10. O-O Nbd7 11. Be3 Bxe3 12. fxe3 Bg6 13. Qd4 Re8 14. Nd2 Qb6 15. Nc4 Qa6 16. Rf4 Rac8 17. Nd2 Qb6 18. Ncxe4 Qxd4 19. exd4 Nxd5 20. Rf2 Rc2 21. Nd6 Rd8 22. Bxd5 Nf6 23. Rxf6 Rxd2 24. Rxg6 hxg6 25. Bxf7+ Kf8 26. Ne4 R2xd4 27. Bxg6 Rd1+ 28. Rxd1 Rxd1+ 29. Kf2 Rb1 30. b3 Rb2 31. Nc3 b5 32. Nxb5 Rxa2 33. Bd3 a5 34. h4 a4 35. bxa4 Rxa4 36. Nc3 Ra3 37. Ne4 Ra1 38. h5 Ke7 39. g4 Ra5 40. Kf3 Ke6 41. Kf4 Ra8 42. Bc4+ Ke7 43. g5 Rf8+ 44. Kg4 Rf1 45. h6 gxh6 46. gxh6 Rg1+ 47. Kh5 Kf8 48. Ng5 Rc1 49. Be6 Rc2 50. e4 Rf2 51. Kg6 Ke7 52. h7 Rf8 53. Bg8 1-0


[Site "https://www.chess.com"]

[Event "Titled Tuesday Blitz July 25 Late 2023"]
[White "Mahdavirad, Mehdi"]
[Black "Serban, Cristian-Stefan"]
[WhiteFideId "12502669"]
[BlackFideId "1241443"]
[WhiteElo "2594"]
[BlackElo "2452"]
[Result "0-1"]
[Round "7"]
[TimeControl "180+2"]
[Date "2023.07.25"]
[WhiteClock "0:00:00"]
[BlackClock "0:00:09"]
[Board "61"]

1. b3 d5 2. Bb2 Nf6 3. e3 c5 4. Nf3 Nc6 5. Bb5 Bd7 6. O-O e6 7. d3 Be7 8. Bxc6 Bxc6 9. Ne5 Qc7 10. f4 O-O 11. Nd2 Nd7 12. Nxd7 Qxd7 13. Qg4 f6 14. Rf3 d4 15. Rh3 Rf7 16. Re1 f5 17. Qh5 g6 18. Qh6 Bf8 19. Qh4 Be7 20. Qf2 Bf6 21. e4 e5 22. Nc4 fxe4 23. dxe4 Bh8 24. Rf3 Raf8 25. fxe5 Rxf3 26. gxf3 Qh3 27. Rf1 Bxe4 28. Qg2 Qxg2+ 29. Kxg2 Bxc2 30. Re1 d3 31. Bc1 Re8 32. f4 b5 33. Nd6 Re6 34. Nxb5 g5 35. Kf3 gxf4 36. Bxf4 Bxe5 37. Bxe5 d2 38. Rg1+ Kf7 39. Nc3 Rxe5 0-1


[Site "https://www.chess.com"]

[Event "Titled Tuesday Blitz July 25 Late 2023"]
[White "Trifan, Andrei Ioan"]
[Black "SergioMoralesG"]
[WhiteFideId "12967068"]
[WhiteElo "2587"]
[BlackElo "2446"]
[Result "0-1"]
[Round "7"]
[TimeControl "180+2"]
[Date "2023.07.25"]
[WhiteClock "0:00:07"]
[BlackClock "0:00:19"]
[Board "62"]

1. Nf3 d5 2. d4 Nf6 3. c4 c6 4. Nc3 e6 5. Bf4 dxc4 6. a4 Bb4 7. e4 Nxe4 8. Qc2 Qa5 9. Qxe4 Bxc3+ 10. Bd2 Bxd2+ 11. Nxd2 c3 12. bxc3 Qxc3 13. Rd1 Nd7 14. Bd3 Nf6 15. Qe3 Nd5 16. Qe4 f5 17. Qf3 Qxd4 18. O-O O-O 19. Qg3 Qg4 20. Qd6 Nf4 21. g3 Nxd3 22. Qxd3 e5 23. Nc4 e4 24. Qd6 f4 25. Rfe1 Bf5 26. Qe7 Rae8 27. Qxb7 e3 28. Qxa7 Be4 29. Nd6 Bf3 30. Nxe8 Rxe8 31. Rc1 Qh3 0-1


[Site "https://www.chess.com"]

[Event "Titled Tuesday Blitz July 25 Late 2023"]
[White "Sztokbant, Bernardo Vainzoff"]
[Black "Attacker_2006"]
[WhiteFideId "2115956"]
[WhiteElo "2439"]
[BlackElo "2579"]
[Result "1/2-1/2"]
[Round "7"]
[TimeControl "180+2"]
[Date "2023.07.25"]
[WhiteClock "0:00:06"]
[BlackClock "0:00:09"]
[Board "63"]

1. e4 c5 2. Nf3 d6 3. d4 cxd4 4. Qxd4 Nf6 5. Nc3 a6 6. Bg5 Nc6 7. Qd2 e6 8. Bc4 Be7 9. O-O O-O 10. Bb3 b5 11. Rfe1 Bb7 12. Rad1 Rc8 13. Qf4 Qc7 14. Qh4 h6 15. Bxh6 gxh6 16. Qxh6 Nh7 17. e5 Nxe5 18. Nxe5 Bg5 19. Qh5 dxe5 20. Rd3 Qe7 21. Rh3 f6 22. Bxe6+ Kh8 23. Bxc8 Bxc8 24. Ne4 Bxh3 25. Qxh3 Kg8 26. Qg3 Qg7 27. Nc5 Rc8 28. b4 Bf4 29. Qh3 Re8 30. Rd1 Ng5 31. Qh5 Qf7 32. Qe2 e4 33. h4 Nh7 34. Qg4+ Bg5 35. hxg5 Nxg5 36. Qf5 Re5 37. Qc8+ Re8 38. Rd8 Rxd8 39. Qxd8+ Kg7 40. Qd7 Qxd7 41. Nxd7 Ne6 42. Kf1 Nd4 43. Nc5 Nxc2 44. Nxa6 e3 45. fxe3 Nxe3+ 46. Kf2 Nd1+ 47. Kf3 Nc3 48. a3 Nb1 49. Nc7 Nxa3 50. Ke4 Kg6 51. Kd4 Kg5 52. Kc5 Kg4 53. Nxb5 Nc2 54. Nd6 Nxb4 55. Kxb4 f5 56. Nxf5 Kxf5 57. Kc3 Kg4 58. Kd2 Kg3 59. Ke1 Kxg2 1/2-1/2


[Site "https://www.chess.com"]

[Event "Titled Tuesday Blitz July 25 Late 2023"]
[White "Santos, Rafael Ventura Dos"]
[Black "Sargsyan, Anna M."]
[WhiteFideId "2122227"]
[BlackFideId "13308130"]
[WhiteElo "2324"]
[BlackElo "2577"]
[Result "0-1"]
[Round "7"]
[TimeControl "180+2"]
[Date "2023.07.25"]
[WhiteClock "0:00:49"]
[BlackClock "0:01:48"]
[Board "64"]

1. e4 c6 2. d4 d5 3. e5 c5 4. dxc5 e6 5. Be3 Qc7 6. Bb5+ Bd7 7. Bd3 Bxc5 8. Bxc5 Qxc5 9. Nf3 Ne7 10. O-O Ng6 11. Qd2 O-O 12. h4 Qc7 13. Re1 Nc6 14. Qg5 h6 15. Qg3 Nge7 16. Nc3 Nb4 17. Nd4 a6 18. a3 Nxd3 19. cxd3 Qb6 20. Qe3 Qxb2 21. Reb1 Qxc3 22. Rc1 Qa5 23. g4 Rac8 24. Rf1 Nc6 25. Nxc6 Bxc6 26. g5 hxg5 27. Qxg5 d4 28. f3 Qd8 29. Qg3 f5 30. Rf2 Rf7 31. Kh2 Kf8 32. Rg1 f4 33. Qg4 Qd5 34. Qg6 Qxe5 35. Rgg2 Qf6 36. Qg4 Qf5 37. Qxf5 Rxf5 38. Rg6 Kf7 39. Rxe6 Kxe6 0-1


[Site "https://www.chess.com"]

[Event "Titled Tuesday Blitz July 25 Late 2023"]
[White "Fiorito, Joaquin"]
[Black "ChessSG1"]
[WhiteFideId "180173"]
[WhiteElo "2773"]
[BlackElo "2408"]
[Result "0-1"]
[Round "7"]
[TimeControl "180+2"]
[Date "2023.07.25"]
[WhiteClock "0:00:36"]
[BlackClock "0:00:07"]
[Board "65"]

1. d4 d5 2. Nc3 Nf6 3. Bf4 a6 4. e3 c5 5. dxc5 e6 6. b4 a5 7. a3 b6 8. Bxb8 Rxb8 9. Bb5+ Ke7 10. Nge2 bxc5 11. bxc5 e5 12. O-O Be6 13. a4 g6 14. f4 Ng4 15. Qd2 Bg7 16. h3 Nxe3 17. Qxe3 d4 18. Qf3 dxc3 19. Nxc3 e4 20. Nxe4 Bxa1 21. f5 Bd4+ 22. Kh1 gxf5 23. Nd6 Rg8 24. Re1 Bxc5 25. Nxf5+ Kf8 26. Nh6 Qd2 27. Rf1 Qxh6 28. Qc6 Qe3 29. Qc7 Rc8 30. Qb7 Kg7 31. Rf3 Qe1+ 32. Rf1 Qe3 33. Ba6 Kh8 34. Qb3 Bxb3 0-1


[Site "https://www.chess.com"]

[Event "Titled Tuesday Blitz July 25 Late 2023"]
[White "Mekhitarian, Krikor Sevag"]
[Black "Grossboss19"]
[WhiteFideId "2107660"]
[WhiteElo "2752"]
[BlackElo "2467"]
[Result "0-1"]
[Round "7"]
[TimeControl "180+2"]
[Date "2023.07.25"]
[WhiteClock "0:00:11"]
[BlackClock "0:00:22"]
[Board "66"]

1. Nf3 d5 2. c4 d4 3. b4 f6 4. Na3 e5 5. Nc2 a5 6. b5 c5 7. d3 b6 8. g3 Bb7 9. Bg2 Ra7 10. O-O Bd6 11. e3 Ne7 12. exd4 cxd4 13. Nd2 Bxg2 14. Kxg2 Nd7 15. Re1 Nc5 16. Qf3 O-O 17. Ba3 Qa8 18. Bxc5 Qxf3+ 19. Kxf3 Bxc5 20. g4 Nc8 21. a4 Nd6 22. Kg2 g6 23. Re2 Re7 24. f4 e4 25. Nxe4 Nxe4 26. Rxe4 Rxe4 27. dxe4 d3 28. Ne1 Rd8 29. Rd1 d2 30. Nf3 Be3 31. f5 Rc8 32. Kf1 Rxc4 33. Ke2 Bf4 34. Nxd2 Rxa4 35. Kd3 Rb4 36. Nc4 Rxb5 37. Rf1 g5 38. h4 h6 39. h5 Be5 40. Nxe5 fxe5 41. Rc1 Rc5 42. Rd1 Kf7 43. Ke3 Ke7 44. f6+ Ke6 45. Rd8 a4 46. Rb8 Rb5 47. Kd3 Kxf6 48. Kc4 Rb2 49. Kd5 Rd2+ 50. Kc6 Rd4 51. Ra8 Rxe4 52. Kxb6 Rxg4 53. Rh8 Kg7 54. Re8 Rh4 55. Rxe5 Rxh5 56. Ra5 Rh4 57. Kc5 Kg6 58. Kd5 Rf4 59. Ke5 Kh5 60. Ra6 Rb4 0-1


[Site "https://www.chess.com"]

[Event "Titled Tuesday Blitz July 25 Late 2023"]
[White "Kirillov, Dmitry"]
[Black "Pakleza, Zbigniew"]
[WhiteFideId "34180572"]
[BlackFideId "1119290"]
[WhiteElo "2464"]
[BlackElo "2750"]
[Result "0-1"]
[Round "7"]
[TimeControl "180+2"]
[Date "2023.07.25"]
[WhiteClock "0:00:10"]
[BlackClock "0:00:29"]
[Board "67"]

1. Nf3 d5 2. d4 Nf6 3. c4 c6 4. e3 Bf5 5. cxd5 cxd5 6. Qb3 Qb6 7. Qxb6 axb6 8. Nc3 e6 9. Bb5+ Nfd7 10. Bd2 Bd6 11. Nh4 Bg6 12. Nxg6 hxg6 13. h3 Nc6 14. Ke2 Ke7 15. Rhc1 f5 16. Na4 Rhc8 17. a3 Rc7 18. Rc3 Rac8 19. Rac1 e5 20. dxe5 Bxe5 21. R3c2 d4 22. Bxc6 Rxc6 23. Rxc6 bxc6 24. Bb4+ Ke6 25. exd4 Bxd4 26. Rd1 c5 27. Bc3 b5 28. Bxd4 cxd4 29. Rxd4 bxa4 30. Rxa4 Rc2+ 31. Kf3 Rxb2 32. Ra6+ Rb6 33. Rxb6+ Nxb6 34. Kf4 Kf6 35. h4 Nd5+ 36. Kf3 Nc3 37. g4 Ke5 38. h5 gxh5 39. gxh5 Kf6 40. Kf4 Nd5+ 41. Kg3 Kg5 42. f4+ Nxf4 43. a4 Nxh5+ 0-1


[Site "https://www.chess.com"]

[Event "Titled Tuesday Blitz July 25 Late 2023"]
[White "Perske, Thore"]
[Black "Morefield, Jason"]
[WhiteFideId "12902195"]
[BlackFideId "30920825"]
[WhiteElo "2463"]
[BlackElo "2741"]
[Result "1/2-1/2"]
[Round "7"]
[TimeControl "180+2"]
[Date "2023.07.25"]
[WhiteClock "0:00:18"]
[BlackClock "0:00:38"]
[Board "68"]

1. d4 Nf6 2. g3 d5 3. Bg2 c5 4. Nf3 cxd4 5. O-O h6 6. c4 dxc3 7. Nxc3 e6 8. Qa4+ Bd7 9. Qb3 Bc6 10. Rd1 Nbd7 11. e4 Nxe4 12. Nxe4 dxe4 13. Ne5 Nxe5 14. Rxd8+ Rxd8 15. Be3 a6 16. Bb6 Rd3 17. Qc2 Be7 18. a4 O-O 19. a5 Bf6 20. Re1 Nf3+ 21. Bxf3 Rxf3 22. Rxe4 Bxe4 23. Qxe4 Rb3 24. Qxb7 Rxb2 25. Qxa6 Bd8 26. Qa7 Bxb6 27. axb6 Rd8 28. Kg2 Rd5 29. Qe7 Rxb6 30. Qe8+ Kh7 31. Qxf7 Rf5 32. Qd7 Rb2 33. Qxe6 Rfxf2+ 34. Kg1 Rg2+ 35. Kf1 Rxh2 36. Qe4+ Kg8 37. Qe8+ Kh7 38. Qe4+ g6 39. Qe7+ Kg8 40. Qe8+ Kg7 41. Qe7+ Kg8 42. Qe8+ Kg7 43. Qe7+ Kg8 1/2-1/2


[Site "https://www.chess.com"]

[Event "Titled Tuesday Blitz July 25 Late 2023"]
[White "Krishna C R G"]
[Black "Dinu, Dumitru-Daniel"]
[WhiteFideId "5018625"]
[BlackFideId "1208403"]
[WhiteElo "2734"]
[BlackElo "2462"]
[Result "1-0"]
[Round "7"]
[TimeControl "180+2"]
[Date "2023.07.25"]
[WhiteClock "0:01:31"]
[BlackClock "0:01:18"]
[Board "69"]

1. e4 c5 2. Nc3 Nc6 3. f4 g6 4. Bc4 Bg7 5. Nf3 e6 6. O-O Nge7 7. Qe1 O-O 8. f5 exf5 9. Qh4 fxe4 10. Ng5 h6 11. Nxf7 Rxf7 12. Bxf7+ Kh7 13. Nxe4 Nf5 14. Bxg6+ Kxg6 15. Qg4+ Kh7 16. Qxf5+ Kg8 17. Qg6 Kh8 18. d3 d5 19. Bxh6 Bd4+ 20. Kh1 Bd7 21. Rf7 Qg8 22. Qh5 Qg4 23. Qxg4 Bxg4 24. Nf6 Bxf6 25. Rxf6 Kh7 26. Re1 Rg8 27. h3 Bc8 28. Bf4 1-0


[Site "https://www.chess.com"]

[Event "Titled Tuesday Blitz July 25 Late 2023"]
[White "Wieczorek, Oskar"]
[Black "MateoReyes"]
[WhiteFideId "1133950"]
[WhiteElo "2668"]
[BlackElo "2461"]
[Result "0-1"]
[Round "7"]
[TimeControl "180+2"]
[Date "2023.07.25"]
[WhiteClock "0:00:03"]
[BlackClock "0:01:00"]
[Board "70"]

1. e4 c5 2. Nf3 d6 3. d4 cxd4 4. Nxd4 Nf6 5. Nc3 a6 6. h4 e5 7. Nb3 Be6 8. f4 exf4 9. Bxf4 Nc6 10. Qd2 Be7 11. O-O-O O-O 12. Bxd6 Bxd6 13. Qxd6 Qxd6 14. Rxd6 Ng4 15. Be2 Nge5 16. Rhd1 Bxb3 17. axb3 Rac8 18. Nd5 Kh8 19. Nb6 Rc7 20. c3 g6 21. Kb1 Re8 22. h5 Kg7 23. hxg6 hxg6 24. Nd5 Rcc8 25. Nb6 Rb8 26. b4 Rh8 27. b5 axb5 28. Bxb5 Rh2 29. R1d2 Rh1+ 30. Kc2 Re1 31. Nc4 Nxc4 32. Bxc4 Rxe4 33. Bd5 Rbe8 34. Bxe4 Rxe4 35. Rd7 b5 36. Rb7 b4 37. Rdd7 Ne5 38. Re7 bxc3 39. bxc3 Kf6 40. Kb3 Re1 41. Re8 Rb1+ 0-1


[Site "https://www.chess.com"]